 Dungeon Crawl Stone Soup version 0.22-a0-15-g4f60a598d5 (webtiles) character file.

5504 Kaname the Destroyer (level 10, -7/56 HPs)
             Began as a Demonspawn Wizard on Jan 2, 2018.
             Was a Believer of Vehumet.
             Hit by a large rock thrown by a cyclops (26 damage)
             ... on level 10 of the Dungeon.
             The game lasted 00:45:31 (11103 turns).

Kaname the Destroyer (Demonspawn Wizard)           Turns: 11103, Time: 00:45:32

Health: -7/56      AC:  4    Str:  8    XL:     10   Next: 42%
Magic:  11/19      EV: 16    Int: 26    God:    Vehumet [**....]
Gold:   470        SH:  0    Dex: 12    Spells: 10/21 levels left

rFire    x . .     SeeInvis .   G - +1 quarterstaff "Fumn" {flame, rF- rC+ rN+ Int+4} (curse)
rCold    + . .     Gourm    .   (shield currently unavailable)
rNeg     + + .     Faith    .   a - +0 robe
rPois    .         Spirit   .   b - +0 hat
rElec    .         Reflect  .   (no cloak)
rCorr    .         Harm     .   (no gloves)
MR       .....                  x - +1 pair of boots
Stlth    ++........             (no amulet)
HPRegen  0.18/turn              r - ring of positive energy
MPRegen  0.16/turn              l - +4 ring of evasion

@: drained
A: antennae 1, demonic guardian 2, frail 1, powered by death 2, sturdy frame 1
a: Renounce Religion


You were on level 10 of the Dungeon.
You worshipped Vehumet.
Vehumet was pleased with you.
You were hungry.

You visited 2 branches of the dungeon, and saw 11 of its levels.
You also visited: Sewer.

You collected 470 gold pieces.

Inventory:

Hand Weapons
 y - a +0 trident
 G - the cursed +1 quarterstaff "Fumn" (weapon) {flame, rF- rC+ rN+ Int+4}
   (You found it on level 8 of the Dungeon)

   It has been specially enchanted to burn those struck by it, causing extra
   injury to most foes and up to half again as much damage against particularly
   susceptible opponents.
   It affects your intelligence (+4).
   It makes you vulnerable to fire.
   It protects you from cold.
   It protects you from negative energy.
   It has a curse placed upon it.
Armour
 a - a +0 robe (worn)
 b - a +0 hat (worn)
 x - a +1 pair of boots (worn)
Jewellery
 l - a +4 ring of evasion (right hand)
 r - a ring of positive energy (left hand)
 B - an uncursed ring of see invisible
Wands
 D - a wand of enslavement (18)
Scrolls
 g - 2 scrolls of enchant armour
 h - 2 scrolls of fog
 i - 4 scrolls of remove curse
 k - a scroll of blinking
 o - 5 scrolls of teleportation
 p - 2 scrolls of enchant weapon {unknown}
 v - 4 scrolls of amnesia
 z - a scroll of fear {unknown}
Potions
 c - 3 potions of flight
 f - 6 potions of curing
 j - 4 potions of might
 m - a potion of heal wounds
 q - a potion of haste {unknown}
 s - 3 potions of invisibility
 t - a potion of brilliance {unknown}
 u - a potion of agility
 w - a potion of resistance {unknown}
 A - a potion of berserk rage {unknown}
 E - 2 potions of ambrosia
 F - a potion of cancellation {unknown}
Books
 e - a book of Geomancy

   Spells                             Type                      Level
   a - Sandblast                      Earth                        1
   b - Passwall                       Transmutation/Earth          2
   c - Stone Arrow                    Conjuration/Earth            3
   d - Petrify                        Transmutation/Earth          4
   e - Lee's Rapid Deconstruction     Earth                        5
Comestibles
 d - 14 rations


   Skills:
 - Level 1.7 Dodging
 - Level 1.7 Stealth
 - Level 6.0(5.9) Spellcasting
 - Level 10.0(9.9) Conjurations
   Level 1.0(0.9) Summonings
 - Level 1.1(1.0) Translocations
 - Level 4.0(3.9) Fire Magic
 - Level 4.0(3.9) Air Magic
 + Level 6.4(6.3) Earth Magic
 - Level 4.1(4.0) Poison Magic


You had 10 spell levels left.
You knew the following spells:

 Your Spells              Type           Power        Failure   Level  Hunger
a - Stone Arrow           Conj/Erth      #####.       1%          3    None
b - Blink                 Tloc           N/A          7%          2    None
c - Mephitic Cloud        Conj/Pois/Air  #####...     1%          3    None
d - Conjure Flame         Conj/Fire      #####...     1%          3    None


Dungeon Overview and Level Annotations

Branches:
Dungeon (10/15)            Temple (1/1) D:7            Lair (0/6) D:8
    Orc: D:9-12

Altars:
Ashenzari
Cheibriados
Dithmenos
Elyvilon
Fedhas
Gozag
Hepliaklqana
Kikubaaqudgha
Makhleb
Nemelex Xobeh
Okawaru
Qazlal
Ru
Sif Muna
Trog
Uskayaw
Vehumet
Wu Jian
Yredelemnul
Zin
The Shining One

Shops:
D:6 *

Annotations:
D:2 Sigmund
D:4 ShansongY's ghost, novice DEFE


Innate Abilities, Weirdness & Mutations

A demonic guardian rushes to your aid.
You regenerate health from kills.
Your movements are slightly less encumbered by armour. (ER -2)
You have a pair of small antennae on your head.
You are frail. (-10% HP)


Message History

Found a large rock.
An orc warrior and a wight come into view.
Okay, then.
As you read the scroll of immolation, it crumbles to dust.
The creatures around you are filled with an inner flame!
The wight closely misses you.
Your orange demon stings the wight from afar!
Unknown command.
The wight hits you with an enchanted scimitar.
You partially resist.
You feel drained.
The cyclops throws a large rock.
The large rock hits you!!
Ouch! That really hurt!
Your orange demon closely misses the wight.
Your orange demon hits the wight but does no damage.
A kobold comes into view. It is wielding a dagger of venom.
You see here a large rock.
The wight barely misses you. The wight hits you with a hand axe.
The wight hits your orange demon with a hand axe.
The cyclops throws a large rock.
The large rock hits you!!
You die...

#....).........o.†...........
+...............).o..........
#..K..K................o.....
#.......K....................
#.....................o......
#.............(.....
#.......KK..........
.......K........
......4z@.......
.......z(.......
...z............
.z.........o....
......C...o.....
................
................
################


You could see a cyclops (inner flame), an orc warrior (inner flame), a big
kobold (inner flame), 4 wights, an orc priest, an orc (inner flame), 4 kobolds
and a friendly orange demon.

Vanquished Creatures
  2 hippogriffs
  A yak (D:9)
  A steam dragon (D:8)
  A water moccasin (D:6)
  3 sky beasts
  2 black bears
  4 ice beasts
  A hornet zombie (D:7)
  2 orc warriors
  A phantom (D:6)
  A necrophage (D:9)
  5 ogres
  4 bullfrogs
  A big kobold (Sewer)
  A wyvern skeleton (D:8)
  A water moccasin skeleton (D:8)
  A wight (D:10)
  A howler monkey (D:6)
  A centaur zombie (D:6)
  5 crimson imps
  8 hounds
  A quasit (D:9)
  3 jellies
  4 orc priests
  7 orc wizards
  An iguana (D:6)
  9 worker ants
  3 hound zombies
  A hound skeleton (D:7)
  A howler monkey zombie (D:5)
  3 gnolls (D:5)
  5 adders
  4 river rats
  An ooze (D:3)
  An adder zombie (D:6)
  2 worms (D:3)
  2 dart slugs
  4 leopard geckos
  20 orcs
  2 ball pythons
  5 giant cockroaches
  7 goblins
  6 hobgoblins
  3 jackals
  7 kobolds
  3 quokkas
  3 bats
  3 frilled lizards
  2 leopard gecko skeletons (D:4)
  A leopard gecko zombie (D:8)
  9 rats
170 creatures vanquished.

Vanquished Creatures (collateral kills)
  2 two-headed ogres
  A wraith (D:10)
  A yak (D:10)
  A wyvern (D:8)
  A sky beast (D:7)
  A bullfrog (D:6)
  2 orc priests
  An orc wizard (D:6)
  A shadow imp (D:6)
  2 orcs
  A quokka (D:6)
14 creatures vanquished.

Grand Total: 184 creatures vanquished

Notes
Turn   | Place    | Note
-------+----------+-------------------------------------------
     0 | D:1      | Kaname the Demonspawn Wizard began the quest for the Orb.
     0 | D:1      | Reached XP level 1. HP: 13/13 MP: 4/4
   147 | D:1      | Reached skill level 2 in Conjurations
   270 | D:1      | Gained mutation: You regenerate a little health from kills. [demonic ancestry]
   270 | D:1      | Reached XP level 2. HP: 19/19 MP: 1/6
   566 | D:1      | Learned a level 2 spell: Blink
   653 | D:2      | Noticed Sigmund
   756 | D:3      | Found an iron altar of Okawaru.
  1025 | D:3      | Reached skill level 3 in Conjurations
  1025 | D:3      | Reached XP level 3. HP: 24/24 MP: 3/7
  1031 | D:3      | Learned a level 3 spell: Mephitic Cloud
  1137 | D:3      | Reached skill level 1 in Translocations
  1338 | D:2      | Reached skill level 1 in Poison Magic
  1605 | D:2      | Reached skill level 1 in Air Magic
  2126 | D:2      | Found a shattered altar of Ashenzari.
  2311 | D:3      | Found an opulent altar of Gozag.
  2311 | D:3      | Found a sparkling altar of Nemelex Xobeh.
  2416 | D:4      | Noticed a phantom
  2459 | D:4      | Reached XP level 4. HP: 16/30 MP: 3/8
  2496 | D:4      | Found a glowing drain.
  2535 | Sewer    | Entered a sewer
  2559 | Sewer    | Gained mutation: You are frail. (-10% HP) [potion of mutation]
  2559 | Sewer    | Gained mutation: You have a pair of small antennae on your head. [potion of mutation]
  2626 | Sewer    | Learned a level 3 spell: Conjure Flame
  2693 | Sewer    | Noticed a big kobold
  2711 | Sewer    | Reached skill level 4 in Conjurations
  2933 | Sewer    | Killed a big kobold
  2933 | Sewer    | Reached XP level 5. HP: 17/31 MP: 0/9
  3036 | Sewer    | Found a white marble altar of Elyvilon.
  3222 | D:4      | Found a faded altar of an unknown god.
  3222 | D:4      | Found a snail-covered altar of Cheibriados.
  3227 | D:4      | Found an iron altar of Okawaru.
  3479 | D:4      | Noticed ShansongY's ghost (novice DEFE)
  3597 | D:4      | Reached skill level 5 in Conjurations
  4072 | D:4      | Found a blossoming altar of Fedhas.
  4073 | D:4      | Found a sacrificial altar of Ru.
  4402 | D:5      | Entered Level 5 of the Dungeon
  4464 | D:5      | Gained mutation: A weak demonic guardian rushes to your aid. [demonic ancestry]
  4464 | D:5      | Reached XP level 6. HP: 36/36 MP: 4/10
  4540 | D:5      | Found a stormy altar of Qazlal.
  4681 | D:5      | Reached skill level 1 in Fire Magic
  5478 | D:6      | Reached skill level 6 in Conjurations
  5478 | D:6      | Reached XP level 7. HP: 39/41 MP: 4/11
  6160 | D:6      | Noticed a two-headed ogre
  6203 | D:6      | Gained mutation: You regenerate health from kills. [demonic ancestry]
  6203 | D:6      | Reached XP level 8. HP: 44/46 MP: 3/14
  6458 | D:6      | Found a hazy altar of Hepliaklqana.
  6585 | D:6      | Found Zin's Purification Station.
  6588 | D:6      | Found a glowing silver altar of Zin.
  6659 | D:6      | Reached skill level 7 in Conjurations
  6865 | D:7      | Found a shadowy altar of Dithmenos.
  6891 | D:7      | Reached skill level 8 in Conjurations
  6926 | D:7      | Found a staircase to the Ecumenical Temple.
  6933 | Temple   | Entered the Ecumenical Temple
  7031 | Temple   | Became a worshipper of Vehumet
  7294 | D:7      | Learned a level 3 spell: Stone Arrow
  7505 | D:7      | Reached skill level 1 in Earth Magic
  7685 | D:7      | Noticed a hippogriff
  7831 | D:7      | Killed a hippogriff
  7831 | D:7      | Gained mutation: A demonic guardian rushes to your aid. [demonic ancestry]
  7831 | D:7      | Reached XP level 9. HP: 47/51 MP: 2/15
  7973 | D:7      | Found a basalt altar of Yredelemnul.
  7980 | D:7      | Found a glowing golden altar of the Shining One.
  8279 | D:7      | Noticed an angel
  8427 | D:6      | Found Zin's Purification Station.
  8432 | D:6      | Found a glowing silver altar of Zin.
  8462 | D:6      | Killed a two-headed ogre
  8462 | D:6      | Reached skill level 5 in Spellcasting
  8749 | D:6      | Found a hazy altar of Hepliaklqana.
  9115 | D:8      | Reached * piety under Vehumet
  9115 | D:8      | Offered knowledge of Sting by Vehumet.
  9512 | D:8      | Found a staircase to the Lair.
  9558 | D:8      | Reached skill level 9 in Conjurations
  9569 | D:8      | Got a crude quarterstaff
  9570 | D:8      | Identified the cursed +1 quarterstaff "Fumn" {flame, rF- rC+ rN+ Int+4} (You found it on level 8 of the Dungeon)
  9725 | D:8      | Noticed a two-headed ogre
  9728 | D:8      | Killed a two-headed ogre
  9728 | D:8      | Gained mutation: Your movements are slightly less encumbered by armour. (ER -2) [demonic ancestry]
  9728 | D:8      | Reached XP level 10. HP: 56/56 MP: 12/19
 10189 | D:9      | Reached skill level 10 in Conjurations
 10202 | D:9      | Found a stormy altar of Qazlal.
 10694 | D:9      | Reached skill level 5 in Earth Magic
 10794 | D:10     | Entered Level 10 of the Dungeon
 10805 | D:10     | Offered knowledge of Flame Tongue by Vehumet.
 10862 | D:9      | Reached ** piety under Vehumet
 11100 | D:10     | Noticed a cyclops
 11103 | D:10     | Hit by a large rock thrown by a cyclops

Vault maps used:
D:1:      eino_arrival_water_cross
D:2:      marbit_many_paths, first_ration, minivault_24, uniq_sigmund
D:3:      grunt_temple_overflow_opulence, okawaru_metal_pillars_1_2
D:4:      chequers_temple_overflow_minitemple, portal_sewer_entry_e,
          grunt_ministairs_11
D:5:      grunt_qazlal_sundering, hex_tiny
D:6:      hangedman_cross_stitches, zin_purify, kennysheep_mini
D:7:      grunt_temple_overflow_holy_war, nicolae_dithmenos_shadow_blocks,
          minmay_temple_entry_overgrown
D:8:      lair_entry_dummy
D:9:      basic_altar
D:10:     david_orc_3
Temple:   nicolae_temple_figure_zero
Sewer:    sewer_kobolds

Skill      XL: |  1  2  3  4  5  6  7  8  9 10 |
---------------+-------------------------------+-----
Conjurations   | 2 3 4 5 6 8 9 10 | 10.0
Translocations | 1 |  1.1
Poison Magic   | 1 2 3 4 |  4.1
Air Magic      | 1 2 3 4 |  4.0
Fire Magic     | 2 3 4 |  4.0
Spellcasting   | 4 6 |  6.0
Earth Magic    | 3 4 6 |  6.4
Dodging        | |  1.7
Stealth        | |  1.7
Summonings     | |  1.0

Action                   |  1- 3 |  4- 6 |  7- 9 | 10-12 || total
-------------------------+-------+-------+-------+-------++-------
Melee: Spear             |    85 |   131 |    42 |       ||   258
       Trident           |       |       |   126 |       ||   126
       Quarterstaff      |       |       |       |    39 ||    39
 Cast: Magic Dart        |    71 |   168 |   129 |       ||   368
       Mephitic Cloud    |     1 |     2 |       |     3 ||     6
       Conjure Flame     |       |       |     6 |       ||     6
       Stone Arrow       |       |       |    57 |    42 ||    99
       Blink             |       |       |       |     1 ||     1
  Use: Scroll            |     8 |     4 |     2 |     2 ||    16
       Potion            |     1 |     7 |       |       ||     8
 Stab: Sleeping          |     3 |       |     1 |     1 ||     5
       Confused          |       |     3 |       |     1 ||     4
  Eat: Chunk             |     3 |     5 |    16 |     4 ||    28
       Ration            |       |     2 |       |       ||     2
Armor: Robe              |    21 |    34 |    37 |     8 ||   100
Dodge: Dodged            |    62 |   135 |   174 |    54 ||   425

Table legend:
 A = Spawn XP
 B = Non-spawn XP
 C = Spawn XP percentage of total XP
 D = Spawn monster count
 E = Non-spawn monster count
 F = Spawn count percentage of total count
 G = Total turns spent on level
                    A         B        C        D         E        F      G
               +---------+---------+-------+---------+---------+-------+---------
         Total |       0 |    7864 |   0.0 |       0 |     184 |   0.0 | 11103
               +---------+---------+-------+---------+---------+-------+---------
           D:1 |       0 |      26 |   0.0 |       0 |      13 |   0.0 |   643
           D:2 |       0 |      36 |   0.0 |       0 |      12 |   0.0 |   993
           D:3 |       0 |      29 |   0.0 |       0 |      11 |   0.0 |   839
           D:4 |       0 |     154 |   0.0 |       0 |      17 |   0.0 |  1382
           D:5 |       0 |     229 |   0.0 |       0 |      13 |   0.0 |  1227
           D:6 |       0 |    1761 |   0.0 |       0 |      28 |   0.0 |  1906
           D:7 |       0 |    1333 |   0.0 |       0 |      22 |   0.0 |  1214
           D:8 |       0 |    1941 |   0.0 |       0 |      26 |   0.0 |  1146
           D:9 |       0 |    1540 |   0.0 |       0 |      25 |   0.0 |  1015
          D:10 |       0 |     686 |   0.0 |       0 |       7 |   0.0 |    81
         Sewer |       0 |     129 |   0.0 |       0 |      10 |   0.0 |   545
               +---------+---------+-------+---------+---------+-------+---------
